 Dungeon Crawl Stone Soup version 0.28.0-53-g5a82cb258f (webtiles) character file.

Game seed: 3323653630075664150

105 quixfox the Chopper (level 4, -3/41 HPs)
             Began as a Hill Orc Fighter on July 15, 2022.
             Killed from afar by Sigmund (11 damage)
             ... with a magic dart
             ... on level 2 of the Dungeon.
             The game lasted 00:03:05 (1307 turns).

quixfox the Chopper (Hill Orc Fighter)              Turns: 1307, Time: 00:03:06

Health: -3/41      AC:  9    Str: 20    XL:     4   Next: 81%
Magic:  4/4        EV:  7    Int:  8    God:
Gold:   40         SH:  4    Dex: 10    Spells: 3/3 levels left

rFire   . . .      SeeInvis .   a - +0 war axe
rCold   . . .      Faith    .   c - +0 buckler
rNeg    . . .      Spirit   .   k - +0 chain mail
rPois   .          Reflect  .   (no helmet)
rElec   .          Harm     .   (no cloak)
rCorr   .          Rampage  .   (no gloves)
Will    .....                   (no boots)
Stlth   ..........              (no amulet)
HPRegen 0.13/turn               (no ring)
MPRegen 0.09/turn               (no ring)

@: mighty
A: no striking features
a: no special abilities


You were on level 2 of the Dungeon.
You visited 1 branch of the dungeon, and saw 2 of its levels.

You collected 40 gold pieces.

Inventory:

Hand Weapons
 a - a +0 war axe (weapon)
Armour
 c - a +0 buckler (worn)
 f - a +0 plate armour
 k - a +0 chain mail (worn)
Scrolls
 b - a scroll of fog {unknown}
 e - a scroll of fear {unknown}
 g - 3 scrolls of identify {unknown}
Potions
 h - a potion of curing
 i - 2 potions of lignification {unknown}
 j - a potion of resistance {unknown}


   Skills:
 + Level 4.4 Fighting
 * Level 5.0 Axes
 + Level 4.0 Armour
 - Level 3.2 Shields


You had 3 spell levels left.
You didn't know any spells.
Your spell library was empty.

Dungeon Overview and Level Annotations

Branches:
Dungeon (2/15)

Altars:

Annotations:
D:2 Sigmund


Message History

* * * LOW HITPOINT WARNING * * *
You closely miss Sigmund.
Sigmund is moderately wounded.
Sigmund closely misses you.
You slash Sigmund!
Sigmund is almost dead.
You block Sigmund's attack.
You barely miss Sigmund.
Sigmund is almost dead.
Sigmund drinks a potion.
Sigmund is healed!
You barely miss Sigmund.
Sigmund is heavily wounded.
You block Sigmund's attack.
You barely miss Sigmund.
Sigmund is heavily wounded.
Sigmund gestures at you while chanting. The magic dart hits you.
* * * LOW HITPOINT WARNING * * *
You barely miss Sigmund.
Sigmund is heavily wounded.
Sigmund hits you but does no damage.
You hit Sigmund.
Sigmund is severely wounded.
Sigmund hits you but does no damage.
You barely miss Sigmund.
Sigmund is severely wounded.
Sigmund hits you but does no damage.
You closely miss Sigmund.
Sigmund is severely wounded.
You closely miss Sigmund.
Sigmund is severely wounded.
Sigmund gestures wildly while chanting.
Sigmund flickers and vanishes!
Deactivating autopickup; reactivate with Ctrl-A.
Something hits you but does no damage.
You slash something!
You hear some strange, mumbled words.
A magic dart appears from out of thin air!
The magic dart hits you!
You die...

#.# #.....#
#.......# #
#.#######.#
#.....†.# #
#.........#
#.......# #
#####.#####
#.......# # #...##
#.##.#### # ##...#
#.##.#
#.#.####.##.#######
#.#....#...........
#.@.#.#####.#######
###{#.#####.# #
#.#.......# #
#@...######### #
#h#### # .h #


h.h # .# There were no monsters in sight!

Vanquished Creatures
  Terence (D:2)
  Natasha (D:2)
  2 adders (D:2)
  A worm (D:2)
  A dart slug (D:2)
  2 bats
  2 endoplasms (D:1)
  2 hobgoblins
  3 jackals (D:2)
  3 quokkas
  4 ball pythons
  3 frilled lizards
  3 goblins
  2 kobolds
  4 rats
34 creatures vanquished.

Notes
Turn   | Place    | Note
-------+----------+-------------------------------------------
     0 | D:1      | quixfox the Hill Orc Fighter began the quest for the Orb.
     0 | D:1      | Reached XP level 1. HP: 19/19 MP: 1/1
    25 | D:1      | Found a faded altar of an unknown god.
    74 | D:1      | Reached skill level 3 in Axes
   121 | D:1      | Reached XP level 2. HP: 26/27 MP: 2/2
   777 | D:2      | Reached XP level 3. HP: 33/33 MP: 3/3
   785 | D:2      | Reached skill level 4 in Axes
   977 | D:2      | Noticed Terence
   988 | D:2      | Killed Terence
   989 | D:2      | Reached XP level 4. HP: 20/41 MP: 4/4
  1226 | D:2      | Noticed Natasha
  1232 | D:2      | Killed Natasha
  1282 | D:2      | Noticed Sigmund
  1290 | D:2      | Reached skill level 5 in Axes
  1307 | D:2      | Killed from afar by Sigmund

Illustrated notes

Levels and vault maps discovered:
D:1:      psy_arrival_basics, layout_loops_ring, basic_ecumenical_altar
D:2:      layout_basic, uniq_sigmund, uniq_terence, uniq_natasha

Skill      XL: |  1  2  3  4 |
---------------+-------------+-----
Axes           | 3 4 5 |  5.0
Fighting       | 4 |  4.4
Armour         | 4 |  4.0
Shields        | |  3.2

Action                   |  1- 3 |  4- 6 || total
-------------------------+-------+-------++-------
Melee: War axe           |    78 |    24 ||   102
  Use: Potion            |       |     1 ||     1
Armor: Scale mail        |    34 |       ||    34
       Chain mail        |       |    21 ||    21
Dodge: Dodged            |    34 |    10 ||    44
Block: Buckler           |    21 |     5 ||    26
